Cogmind - Beta 17 @@@ ROGUE MODE // 2026.08.10 @ 00:22:24 Player: Marc Result: Destroyed by as-19300 with Assembled Heavy Rifle Performance ------------- Evolutions (0) 0 Regions Visited (2) 400 Robots Destroyed (11) 55 Value Destroyed (210) 210 Prototype IDs (1) 20 Alien Tech Used (0) 0 Bonus (0) 0 TOTAL SCORE: 685 Bonus ------- None Cogmind --------- Core Integrity 0/250 Matter 262/300 Energy 125/125 System Corruption 0% Temperature Cool (8) Movement Flying (37) Location -10/Mines Parts ------- > --- POWER (1) -------- Light Ion Engine > --- PROPULSION (2) --- Flight Unit Flight Unit > --- UTILITY (2) ------ Experimental Sensor Array Signal Interpreter > --- WEAPON (2) ------- Light Assault Rifle Light Assault Rifle > --- INVENTORY (5) ---- Terrain Scanner Terrain Scan Processor Medium Armor Plating Datajack Peak State ------------ > --- POWER ------------ Light Ion Engine > --- PROPULSION ------- Flight Unit Flight Unit > --- UTILITY ---------- Experimental Sensor Array Signal Interpreter > --- WEAPON ----------- Light Assault Rifle Light Assault Rifle > --- INVENTORY -------- Small Storage Unit Terrain Scanner Terrain Scan Processor Medium Armor Plating [Rating: 15] Favorites ----------- Power Light Ion Engine Engine Light Ion Engine Propulsion Aluminum Leg Treads Light Treads Leg Aluminum Leg Flight Unit Flight Unit Utility Small Storage Unit Device Experimental Sensor Array Storage Small Storage Unit Processor Signal Interpreter Protection Medium Armor Plating Weapon Light Assault Rifle Ballistic Gun Light Assault Rifle Build | -11 -10 -10 ------- Run | Yrd Mat Min Slots Evolved . | . . . Power . | . . . Propulsion . | . . . Utility . | . . . Weapon . | . . . Parts Attached 17 | 6 2 9 Power 3 | 1 . 2 Engine 3 | 1 . 2 Core . | . . . Reactor . | . . . Propulsion 7 | 2 . 5 Treads 1 | . . 1 Leg 2 | 2 . . Wheel . | . . . Hover . | . . . Flight 4 | . . 4 Utility 4 | 1 2 1 Device 1 | . . 1 Storage 1 | 1 . . Processor 1 | . 1 . Hackware . | . . . Protection 1 | . 1 . Artifact . | . . . Weapon 3 | 2 . 1 Energy Gun . | . . . Energy Cannon . | . . . Ballistic Gun 3 | 2 . 1 Ballistic Cannon . | . . . Launcher . | . . . Special Weapon . | . . . Impact Weapon . | . . . Slashing Weapon . | . . . Piercing Weapon . | . . . Special Melee Weapon . | . . . Unidentified Prototypes 1 | . . 1 Parts Lost 6 | . . 6 Power 2 | . . 2 Propulsion 3 | . . 3 Utility . | . . . Weapon 1 | . . 1 Highest Loss Streak 4 | . . 4 To Critical Strikes . | . . . Average Backups 1 | . 1 3 Power . | . . . Propulsion . | . . . Utility 1 | . 1 3 Weapon . | . . . Tool/Special . | . . . Unused Backups 3 | . . 3 Power . | . . . Propulsion . | . . . Utility 2 | . . 2 Weapon . | . . . Tool/Special 1 | . . 1 Average Slot Usage (%) 82 | . 85 78 Engine 10 | . 14 5 Leg 18 | . 28 5 Flight 4 | . . 11 Device 2 | . . 5 Storage 11 | . 14 8 Processor 5 | . . 14 Ballistic Gun 27 | . 28 26 Peak Build Rating 15 | 6 8 15 Average Rating 6 | 4 6 8 On Entrance 4 | . 6 7 Avg Prop Armor Cover (%) . | . . . Naked Turns . | . . . Heaviest Build 11 | 11 11 10 Greatest Support 20 | 20 20 20 Greatest Overweight (x) 2 | . . 2 Average Overweight (x) . | . . . Largest Inventory Capacity 8 | 8 8 8 Average Capacity 7 | 6 8 6 Most Carried 5 | 2 4 5 Average Carried 1 | . 1 3 Final Capacity 8 | 8 8 5 Final Carried 4 | . 3 4 Class Distribution -------------------- 100% | Mutant Dominant Class ---------------- Mutant | -10/Materials Mutant | -10/Mines Resources | -11 -10 -10 ----------- Run | Yrd Mat Min Matter Collected 512 | 170 185 157 Remotely . | . . . Salvage Created 272 | . 185 87 Parts 23 | . 14 9 Haulers Intercepted . | . . . Recyclers Shooed . | . . . Parts Field Recycled . | . . . Retrieved Matter . | . . . Parts Self-Destructed . | . . . Prevented . | . . . Parts Restored . | . . . Kills | -11 -10 -10 ------- Run | Yrd Mat Min Combat Hostiles Destroyed 10 | . 4 6 Guns 10 | . 4 6 Classes Destroyed 3 | . 2 1 Worker 1 | . 1 . Swarmer 6 | . . 6 Grunt 4 | . 4 . Best Kill Streak 3 | . 2 3 Combat Bots Only 3 | . 2 3 Max Kills in Single Turn 1 | . 1 1 Gunslinging . | . . . Exploded . | . . . Melee . | . . . Uniques/NPCs Destroyed . | . . . Combat | -11 -10 -10 -------- Run | Yrd Mat Min Hostile Shots Fired 111 | . 34 77 Missed 30 | . 9 21 Hits 81 | . 25 56 Melee 2 | . . 2 Projectile 79 | . 25 54 AOE 1 | . . 1 Damage Taken 857 | . 284 573 Core 250 | . 65 185 Absorbed by Shields . | . . . Core Remaining (%) 100 | 100 . . Volleys Fired 53 | . 25 28 Largest 2 | . 2 2 Hottest 40 | . 40 40 Shots Fired 97 | . 50 47 Gun 97 | . 50 47 Cannon . | . . . Launcher . | . . . Special . | . . . Kinetic 97 | . 50 47 Thermal . | . . . Explosive . | . . . Electromagnetic . | . . . Robot Hit Streak 7 | . 7 5 Robot Miss Streak 4 | . 3 4 Penetration Max . | . . . Secondary Targets 2 | . 1 1 Max Gunslinging Chain 1 | . 1 1 Shots Hit Robots 45 | . 26 19 Core Hits 19 | . 12 7 Critical Kills 1 | . . 1 Critical Parts Destroyed . | . . . Critical Strikes 1 | . . 1 Destroy 1 | . . 1 Melee Attacks . | . . . Impact . | . . . Slashing . | . . . Piercing . | . . . Sneak Attacks . | . . . Combat Hostiles . | . . . Follow-up Attacks . | . . . Damage Inflicted 442 | . 261 181 Guns 432 | . 251 181 Cannons . | . . . Explosions . | . . . Melee . | . . . Ramming 10 | . 10 . Kinetic 432 | . 251 181 Thermal . | . . . Explosive . | . . . Electromagnetic . | . . . Impact . | . . . Slashing . | . . . Piercing . | . . . Highest Corruption . | . . . Average Corruption . | . . . Corruption Purged . | . . . Corruption Blocked . | . . . Overload Shots . | . . . Overflow Damage . | . . . Projectiles . | . . . Explosions . | . . . Melee . | . . . Knockbacks . | . . . Impact . | . . . Kinetic . | . . . Secondary . | . . . Self-Inflicted Damage . | . . . Shots . | . . . Rammed . | . . . Targets Rammed 1 | . 1 . Kicked 1 | . 1 . Crushed . | . . . Highest Temperature 12 | . 12 8 Average Temperature 5 | . 7 3 Received Heat Transfer 159 | . 159 . Siege Activations . | . . . Martial Activations . | . . . Shielding Activations . | . . . Robots Disrupted . | . . . Combat Hostiles . | . . . Robots Corrupted . | . . . Combat Hostiles . | . . . Parts Fried . | . . . Impact Corruptions . | . . . Robots Melted . | . . . Combat Hostiles . | . . . Parts Melted . | . . . Heat Transferred . | . . . Parts Sabotaged . | . . . Parts Stolen . | . . . Parts Stripped . | . . . Power Chain Reactions . | . . . Alert | -11 -10 -10 ------- Run | Yrd Mat Min Maximum Alert Level . | . . . Low Security (%) 100 | 100 100 100 Level 1 . | . . . Level 2 . | . . . Level 3 . | . . . Level 4 . | . . . Level 5 . | . . . High Security . | . . . Max Security . | . . . Peak Influence 80 | . 50 80 Initial . | . . . Average 24 | . 20 37 Influence Increases 245 | . 105 140 Destroy 0b10 Robot/C 200 | . 80 120 Destroy 0b10 Robot/NC 5 | . 5 . Destroy Leader 40 | . 20 20 Influence Decreases 225 | . 105 120 Time Decay 195 | . 105 90 Lost Part 30 | . . 30 Squads Dispatched 2 | . 2 . Investigation . | . . . Extermination . | . . . Reinforcement 2 | . 2 . Assault . | . . . Garrison . | . . . Intercept . | . . . Searches Triggered . | . . . Construction Impeded . | . . . Haulers Reinforced . | . . . Active Scanning Responses . | . . . Cargo Convoy Interrupts . | . . . Stealth | -11 -10 -10 --------- Run | Yrd Mat Min Distress Signals . | . . . Communications Jammed . | . . . Distress Signals . | . . . Times Spotted 33 | . 9 24 Peak Tracking Total 20 | . 3 20 Tactical Retreats 2 | . . 2 Traps | -11 -10 -10 ------- Run | Yrd Mat Min Traps Triggered . | . . . Indirectly . | . . . Trap Hack Attempts . | . . . Triggered . | . . . Disarmed . | . . . Reprogrammed . | . . . Reused . | . . . Traps Extracted . | . . . Installed . | . . . Triggered . | . . . Machines | -11 -10 -10 ---------- Run | Yrd Mat Min Machines Disabled . | . . . Max in Single Turn . | . . . Machines Repaired . | . . . Machines Dismantled . | . . . Machines Sabotaged . | . . . Overloaded Fab Kills . | . . . Hacking | -11 -10 -10 --------- Run | Yrd Mat Min Machines Accessed . | . . . Terminals . | . . . Fabricators . | . . . Repair Stations . | . . . Recycling Units . | . . . Scanalyzers . | . . . Garrison Access . | . . . Total Hacks . | . . . Successful . | . . . Failed . | . . . Catastrophic . | . . . Database Lockouts . | . . . Manual . | . . . Terminals . | . . . Fabricators . | . . . Repair Stations . | . . . Recycling Units . | . . . Scanalyzers . | . . . Garrison Access . | . . . Terminal Hacks . | . . . Fabricator Hacks . | . . . Repair Station Hacks . | . . . Recycling Unit Hacks . | . . . Scanalyzer . | . . . Garrison Access Hacks . | . . . Unauthorized Hacks . | . . . Terminals . | . . . Fabricators . | . . . Repair Stations . | . . . Recycling Units . | . . . Scanalyzers . | . . . Garrison Access . | . . . Data Cores Recovered . | . . . Used . | . . . Hacking Detections . | . . . Full Trace Events . | . . . Feedback Events . | . . . Feedback Blocked . | . . . Robot Schematics Acquired . | . . . Robots Built . | . . . Authchips . | . . . Time . | . . . Total Robot Build Rating . | . . . Part Schematics Acquired . | . . . Parts Built . | . . . Authchips . | . . . Time . | . . . Total Part Build Rating . | . . . Part Studies Acquired . | . . . Parts Repaired . | . . . Time . | . . . Parts Recycled . | . . . Recycled Matter . | . . . Retrieved Matter . | . . . Retrieved Components . | . . . Parts Scanalyzed . | . . . Part Schematics Acquired . | . . . Parts Damaged . | . . . Bothacking | -11 -10 -10 ------------ Run | Yrd Mat Min Used RIF Installer . | . . . Robots Hacked . | . . . Non-combat . | . . . Combat . | . . . Robot Hacks Applied . | . . . Relay Couplers Released . | . . . Fabnet Peak Effective % . | . . . Robots Rewired . | . . . Allies Hacked . | . . . Hacks Repelled . | . . . Allies | -11 -10 -10 -------- Run | Yrd Mat Min Total Allies . | . . . Largest Group . | . . . Highest-Rated Group . | . . . Highest-Rated Ally . | . . . Total Orders . | . . . Ally Attacks . | . . . Total Damage . | . . . Kills . | . . . Allies Corrupted . | . . . Allies Melted . | . . . Intel | -11 -10 -10 ------- Run | Yrd Mat Min Active Infowar (turns) 74 | . . 74 Sensors 74 | . . 74 Robot Analysis Total . | . . . Derelict Logs Recovered . | . . . Drone Launches . | . . . Drone Recoveries . | . . . Exploration | -11 -10 -10 ------------- Run | Yrd Mat Min Turns Passed 496 | 53 262 181 Spaces Moved 357 | 42 154 161 Core 26 | 13 . 13 Treads 7 | . . 7 Legs 183 | 29 154 . Wheels . | . . . Hover . | . . . Flight 141 | . . 141 Fastest Speed 37 | 50 120 37 Average Speed 87 | 98 120 54 Slowest Speed 160 | 120 120 160 Overloaded Moves . | . . . Propulsion Burnouts . | . . . Robots Hopped . | . . . Potential Cave-ins . | . . . Cave-ins Triggered . | . . . Exploration Rate (%) 25 | 3 40 34 Regions Visited 2 Branch Regions 1 Pre-discovered Areas . | . . . Known Exits Taken 1 | . 1 . Unknown Exits Taken 1 | 1 . . Scrap Searched 1 | . . 1 Spaces Dug . | . . . Terrain Destroyed . | . . . Melee . | . . . Projectile . | . . . AOE . | . . . Terrain Rammed . | . . . Walls Destroyed . | . . . Machines Disabled . | . . . Actions | -11 -10 -10 --------- Run | Yrd Mat Min Total 457 | 53 186 218 Wait . | . . . Move 355 | 41 153 161 Hop . | . . . Pick Up 19 | 6 4 9 Fast Attach 1 | . . 1 Attach 19 | 6 2 11 Detach 5 | . 1 4 Swap 1 | . . 1 Drop 3 | . . 3 Fire 53 | . 25 28 Melee . | . . . Ram . | . . . Kick 1 | . 1 . Crush . | . . . Escape Stasis . | . . . Rewire . | . . . Trap . | . . . Miscellaneous . | . . . Route ------- -11/Scrapyard -10/Materials (discovered 2 exits: *Min x2) -10/Mines History --------- Turn | Location | Event 2 | -11/Scrapyard | Met Revision 17 8 | -11/Scrapyard | Discovered new exit (range 16) 54 | -11/Scrapyard | Entered Materials 141 | -10/Materials | Discovered new exit (range 7) 298 | -10/Materials | Discovered new exit (range 14) 316 | -10/Materials | Identified exit to Mines 316 | -10/Materials | Entered Mines 336 | -10/Mines | Build established: Mutant 350 | -10/Mines | Core integrity fell below 50% 374 | -10/Mines | Lost 4 parts (1p2n1w) 421 | -10/Mines | Found a damaged Exp. Sensor Array with a note attached 422 | -10/Mines | Found Prototype Device 423 | -10/Mines | Identified Exp. Sensor Array 426 | -10/Mines | Assembled infested the area 428 | -10/Mines | Found DCF Scrap (12 items) 431 | -10/Mines | Assisted by a Guerilla fighting off Assembled 455 | -10/Mines | Core integrity fell below 20% 497 | -10/Mines | Destroyed by as-19300 with Assembled Heavy Rifle Last Messages --------------- 00429_ Acquired Lgt. Treads. 00432_ Dropped Flight Unit. 00432_ Acquired 10 matter. 00438_ as-99933 sneak attacks. 00438_ R-06 Scavenger destroyed. [Achievement: Hunted] 00439_ Dropped Sml. Storage Unit. 00439_ Acquired Datajack. 00445_ Dropped Lgt. Treads. 00445_ Lgt. Ion Engine destroyed. 00449_ C-45 Heavy ARC bursts open, deploying its payload. 00449_ D-53 Grenadier unfolds itself. 00453_ HV Slug penetrates Wall. 00454_ as-65277 destroyed. 00454_ K-01 Serf destroyed. 00464_ K-01 Serf collects debris. [Achievement: Slippery One] 00479_ Acquired Flight Unit. 00481_ Acquired Lgt. Ion Engine. Map ----- +----------------------------------------------------+ | | | | | | | | | | | | | | | | | ????????????????????????????????????????????????? | | ????????????????????????????????????????????????? | | ????????????????????????????????????????????????? | | ????????????????????????????????????????????????? | | ???????????????????????????????#####????????????? | | ??????????????????????????????## ##???????????? | | ???????????????????????????#### #???????????? | | ??????????????????????????## #####???????? | | ??????????????????????????# #?####??? | | ??????????????????????????# ### ### ##?? | | ??????????????????????????## #### ## [ #?? | | ???????????????????????????## ## ##?#* #?? | | ????????????????????????????# #####??## #? | | ?????????????????????######?# #???????### #? | | ????????????????????## ### ############## ##? | | ????????????????????# #???####?? | | ??????????????###???# ## ######## #????????? | | ??????????????# #??## @### #??????# ##???????? | | ??????????????# #??## #?????## ##??????? | | ???????????????# #### #####?????#| ###????? | | ????????????????# ## #????????# ##???? | | ?????????????????# a #????????#! x ! ##??? | | ?????????????????# ##????????## #??? | | ?????????????????# ###??????????##! #??? | | ???? ????????## ##????????????# ##??? | | ??? x ?????##*a##?????????????# ##???? | | ??? ####a=#???????????#### ####????? | | ??????????# ==%==#???????????# #???????? | | ??????????## #####[*#####???????# #####???????? | | ???????????????????#* ! ##??????# #???????????? | | ???????????????????#%=! #??????# #???????????? | | ???????????????????#! #???#### #???????????? | | ???????????????????# = #???# #???????????? | | ??????????????????# x ##??# ###???????????? | | ??????????????????# % #??# #?????????????? | | ???????????? # % #??# #?????????????? | | ?????????????# ## #??# #?????????????? | | ????????????# ?# ##?## ##????????????? | | ????????????#X # ?# #?## #????????????? | | ????????????" ?# ??# #?# ##???????????? | | ????????????"??## ?## #?# #???????????? | | ???????????????## # #?# ## #??????????? | +----------------------------------------------------+ Best States ------------- Heat Dissipation 25 Energy Generation 10 Energy Capacity 125 Matter Stores 300 Matter Capacity 300 Sight Range 16 Robot Scan Range 20 Terrain Scan Density 10 Evasion (%) 62 Recoil Reduction 1 Item Schematics ----------------- None Robot Schematics ------------------ None Fabricated ------------ Nothing Repaired ---------- Nothing Studied --------- None Alien Tech Used ----------------- None Achievements -------------- Hunted Slippery One Challenges ------------ None Game ------ Seed RelayConstructMatter Manual? 0 Play Time 00:07:52 Cumulative 11.9 hours Start 2026.08.10 @ 00:15:04 End 2026.08.10 @ 00:22:24 Sessions 1 Manual Loads 0 Difficulty Rogue Special Mode None Game No. 32 Rogue 25 Adventurer 7 Explorer 0 Win Type - Total 0 Types 0/0/0/0/0/0/0/0/0/0 Lore% 9 Gallery% 16 Achievement% 13 Wizard Run 0 Options --------- Layout 1 ASCII 0 Keyboard 0 Movement Mouse Keybinds 0 Fullscreen 1 Font 24/Smallcaps Map View 50x35 Zoom Use 0% Tactical HUD 1 Map Filters NONE Filters NONE Steam 1 RUN: 655a83f8-4444-4f40-a8f7-a53f1bf7e318